General information
- name: BNet
- type: Ladder team game (AT/RT)
- host: Battle.net
- saver: TERRIBLE-TODDLE
map: Cherryville
- players: 8
- length: 47:24
- speed: Fast
- version: 1.26 W3XP
- replay type: Public
» download(319 KB)
Players
team 1 (winner)
FL_Pimp (
green | 31 APM | 1454 actions | 47:23)
8 Demon Hunter
3 Evasion
3 Mana Burn
1 Metamorphosis
1 Immolation
6 Priestess of the Moon
3 Trueshot Aura
2 Searing Arrows
1 Starfall
» actions
| Assign group hotkey | 18 | |
| Basic commands | 4 | |
| Build / train | 88 | |
| Enter build submenu | 28 | |
| Enter hero's abilities submenu | 14 | |
| Give item / drop item | 3 | |
| Remove unit from queue | 3 | |
| Right click | 753 | |
| Select / deselect | 406 | |
| Select group hotkey | 48 | |
| Use ability | 89 | |
1454 total
» units
| Wisp | 26 | |
| Archer | 6 | |
| Hippogryph | 14 | |
| Chimaera | 7 | |
53 total
» upgrades
| Strength of the Wild | 3 | |
| Reinforced Hides | 3 | |
| Corrosive Breath | 1 | |
7 total
» buildings
| Altar of Elders | 1 | |
| Moon Well | 16 | |
| Ancient of War | 1 | |
| Tree of Ages | 3 | |
| Tree of Life | 8 | |
| Hunter's Hall | 1 | |
| Tree of Eternity | 1 | |
| Ancient of Wind | 2 | |
| Chimaera Roost | 3 | |
36 total
» build order
00:09 Altar of Elders
00:12 Moon Well
00:40 Ancient of War
01:19 Moon Well
02:09 Moon Well
03:04 Tree of Ages
03:47 Moon Well
04:45 Moon Well
04:53 Tree of Life
06:10 Hunter's Hall
07:40 Tree of Eternity
07:43 Ancient of Wind
07:47 Ancient of Wind
08:49 Moon Well
10:56 Chimaera Roost
10:59 Chimaera Roost
11:02 Chimaera Roost
16:33 Moon Well
17:23 Tree of Life
24:46 Tree of Life
27:47 Tree of Life
31:36 Tree of Ages
33:30 Moon Well
33:32 Moon Well
33:33 Moon Well
33:35 Moon Well
33:37 Moon Well
33:39 Moon Well
37:57 Tree of Life
39:47 Tree of Life
40:12 Tree of Life
44:23 Tree of Ages
44:29 Moon Well
44:31 Moon Well
44:34 Moon Well
45:37 Tree of Life
» items
| Periapt of Vitality | 2 | |
| Scroll of Town Portal | 2 | |
4 total
Beetlejuice. (
purple | 57 APM | 2712 actions | 47:23)
6 Far Seer
3 Feral Spirit
2 Chain Lighting
1 Earth Quake
5 Shadow Hunter
3 Healing Wave
2 Hex
4 Firelord
2 Summon Lava Spawn
2 Incinerate
1 Paladin
1 Devotion Aura
» actions
| Assign group hotkey | 172 | |
| Basic commands | 248 | |
| Build / train | 69 | |
| Enter build submenu | 25 | |
| Enter hero's abilities submenu | 16 | |
| Give item / drop item | 2 | |
| Remove unit from queue | 1 | |
| Right click | 1285 | |
| Select / deselect | 351 | |
| Select group hotkey | 324 | |
| Use ability | 218 | |
2712 total
» units
| Peon | 10 | |
| Grunt | 5 | |
| Goblin Shredder | 1 | |
| Shaman | 12 | |
| Tauren | 5 | |
33 total
» upgrades
| Shaman Training | 2 | |
| Armor | 2 | |
| Pulverize | 1 | |
| Melee Weapons | 2 | |
| Witch Doctor Training | 1 | |
| Reinforced Defenses | 1 | |
| Spiked Barricades | 1 | |
10 total
» buildings
| Altar of Storms | 2 | |
| Orc Burrow | 10 | |
| Barracks | 1 | |
| Voodoo Lounge | 2 | |
| Stronghold | 1 | |
| War Mill | 1 | |
| Spirit Lodge | 1 | |
| Great Hall | 3 | |
| Watch Tower | 21 | |
| Fortress | 1 | |
| Tauren Totem | 2 | |
45 total
» build order
00:22 Altar of Storms
00:26 Orc Burrow
00:46 Barracks
01:28 Orc Burrow
01:59 Orc Burrow
02:49 Voodoo Lounge
03:49 Stronghold
05:11 Orc Burrow
05:19 War Mill
08:04 Altar of Storms
08:06 Orc Burrow
08:12 Orc Burrow
08:17 Orc Burrow
08:24 Voodoo Lounge
09:29 Spirit Lodge
11:43 Great Hall
11:49 Watch Tower
11:51 Watch Tower
11:52 Watch Tower
11:54 Watch Tower
11:56 Watch Tower
11:57 Watch Tower
12:25 Fortress
14:07 Great Hall
14:12 Watch Tower
14:13 Watch Tower
14:15 Watch Tower
14:16 Watch Tower
14:18 Watch Tower
14:19 Watch Tower
14:20 Watch Tower
14:21 Watch Tower
14:34 Orc Burrow
14:35 Orc Burrow
14:59 Tauren Totem
15:04 Tauren Totem
17:52 Orc Burrow
30:16 Watch Tower
30:16 Watch Tower
30:18 Watch Tower
30:18 Watch Tower
30:19 Watch Tower
30:19 Watch Tower
30:21 Watch Tower
32:05 Great Hall
» items
| Boots of Speed | 1 | |
| Staff of Teleportation | 1 | |
| Scroll of Town Portal | 2 | |
4 total

»
TERRIBLE-TODDLE (
blue | 63 APM | 3010 actions | 47:24)
8 Paladin
3 Holy Light
3 Divine Shield
1 Resurrection
1 Devotion Aura
» actions
| Assign group hotkey | 54 | |
| Basic commands | 20 | |
| Build / train | 76 | |
| Enter build submenu | 17 | |
| Enter hero's abilities submenu | 8 | |
| Give item / drop item | 5 | |
| Remove unit from queue | 3 | |
| Right click | 1133 | |
| Select / deselect | 296 | |
| Select group hotkey | 1197 | |
| Use ability | 200 | |
3010 total
» units
| Peasant | 13 | |
| Priest | 8 | |
| Sorceress | 5 | |
26 total
» upgrades
| Masonry | 3 | |
| Lumber Harvesting | 2 | |
| Priest Training | 2 | |
| Sorceress Training | 2 | |
| Magic Sentry | 1 | |
10 total
» buildings
| Altar of Kings | 1 | |
| Farm | 11 | |
| Scout Tower | 10 | |
| Arcane Tower | 3 | |
| Arcane Vault | 1 | |
| Lumber Mill | 2 | |
| Keep | 1 | |
| Guard Tower | 3 | |
| Castle | 1 | |
| Arcane Sanctum | 3 | |
| Town Hall | 1 | |
37 total
» build order
00:13 Altar of Kings
00:22 Farm
00:38 Scout Tower
01:06 Arcane Tower
01:10 Farm
01:42 Scout Tower
02:04 Arcane Vault
02:19 Arcane Tower
02:29 Lumber Mill
02:35 Lumber Mill
03:17 Keep
04:12 Scout Tower
04:13 Scout Tower
04:13 Scout Tower
04:16 Scout Tower
04:46 Guard Tower
05:03 Farm
05:04 Farm
05:05 Farm
05:07 Farm
05:08 Farm
05:09 Farm
05:13 Guard Tower
05:41 Castle
08:18 Arcane Sanctum
08:19 Arcane Sanctum
12:45 Arcane Sanctum
16:29 Scout Tower
16:30 Scout Tower
17:06 Guard Tower
17:36 Arcane Tower
21:24 Farm
21:25 Farm
26:26 Town Hall
» items
| Staff of Teleportation | 1 | |
| Scroll of Healing | 1 | |
| Scroll of Town Portal | 6 | |
| Potion of Lesser Invulnerability | 1 | |
| Lesser Clarity Potion | 4 | |
| Potion of Mana | 5 | |
| Orb of Fire | 1 | |
| Scroll of Regeneration | 1 | |
20 total
WelcomeToJamRoc (
teal | 69 APM | 3276 actions | 47:23)
8 Goblin Alchemist
3 Chemical Rage
1 Healing Spray
3 Acid Bomb
1 Transmute
» actions
| Assign group hotkey | 52 | |
| Basic commands | 380 | |
| Build / train | 118 | |
| Enter build submenu | 48 | |
| Enter hero's abilities submenu | 8 | |
| Give item / drop item | 2 | |
| Remove unit from queue | 4 | |
| Right click | 524 | |
| Select / deselect | 612 | |
| Select group hotkey | 1336 | |
| Use ability | 192 | |
3276 total
» units
| Wisp | 39 | |
| Archer | 4 | |
| Huntress | 8 | |
| Murloc Huntsman | 1 | |
| Assassin | 2 | |
| Dryad | 18 | |
| Druid of the Claw | 11 | |
| Kobold Geomancer | 1 | |
| Glaive Thrower | 1 | |
85 total
» upgrades
| Abolish Magic | 1 | |
| Druid of the Claw Training | 2 | |
| Reinforced Hides | 3 | |
| Strength of the Wild | 2 | |
| Mark of the Claw | 1 | |
9 total
» buildings
| Altar of Elders | 1 | |
| Ancient of War | 1 | |
| Moon Well | 11 | |
| Hunter's Hall | 1 | |
| Ancient of Wonders | 2 | |
| Ancient Protector | 13 | |
| Tree of Ages | 1 | |
| Ancient of Lore | 8 | |
| Tree of Eternity | 1 | |
| Tree of Life | 2 | |
41 total
» build order
00:02 Altar of Elders
00:34 Ancient of War
00:53 Moon Well
02:09 Hunter's Hall
02:33 Moon Well
02:50 Ancient of Wonders
03:03 Moon Well
03:17 Ancient Protector
04:43 Tree of Ages
07:12 Ancient Protector
07:14 Ancient Protector
07:16 Ancient of Lore
07:20 Ancient Protector
07:25 Ancient Protector
08:17 Ancient of Lore
08:21 Ancient of Lore
08:23 Tree of Eternity
08:40 Moon Well
13:29 Moon Well
15:49 Tree of Life
17:32 Moon Well
17:35 Ancient Protector
20:47 Ancient Protector
21:03 Ancient Protector
23:37 Ancient Protector
25:39 Tree of Life
27:09 Moon Well
27:11 Ancient Protector
27:14 Moon Well
33:43 Ancient of Lore
34:13 Ancient of Lore
34:16 Ancient Protector
34:32 Ancient of Lore
34:43 Moon Well
35:50 Ancient Protector
36:53 Ancient Protector
38:50 Ancient of Wonders
40:25 Ancient of Lore
43:47 Ancient of Lore
47:13 Moon Well
47:15 Moon Well
» items
| Scroll of Town Portal | 6 | |
| Potion of Healing | 2 | |
| Anti-magic Potion | 1 | |
9 total
team 2 (loser)
tankeros (
red | 79 APM | 3205 actions | 40:26)
6 Archmage
2 Summon Water Elemental
1 Brilliance Aura
2 Blizzard
1 Mass Teleport
4 Blood Mage
2 Flame Strike
2 Siphon Mana
» actions
| Assign group hotkey | 244 | |
| Basic commands | 470 | |
| Build / train | 201 | |
| Enter build submenu | 40 | |
| Enter hero's abilities submenu | 10 | |
| Remove unit from queue | 1 | |
| Right click | 1054 | |
| Select / deselect | 609 | |
| Select group hotkey | 368 | |
| Use ability | 203 | |
3205 total
» units
| Peasant | 16 | |
| Rifleman | 13 | |
| Sorceress | 5 | |
| Priest | 9 | |
| Mortar Team | 3 | |
| Spell Breaker | 3 | |
| Flying Machine | 4 | |
| Knight | 4 | |
| Siege Engine | 6 | |
63 total
» upgrades
| Masonry | 3 | |
| Gunpowder | 3 | |
| Armor | 3 | |
| Priest Training | 2 | |
| Magic Sentry | 1 | |
| Sorceress Training | 2 | |
| Fragmentation Shards | 1 | |
| Flare | 1 | |
| Control Magic | 1 | |
| Long Rifles | 1 | |
| Lumber Harvesting | 2 | |
| Flak Cannons | 1 | |
| Swords | 1 | |
| Plating | 1 | |
| Barrage | 1 | |
| Animal War Training | 1 | |
25 total
» buildings
| Farm | 11 | |
| Altar of Kings | 1 | |
| Lumber Mill | 2 | |
| Blacksmith | 1 | |
| Barracks | 1 | |
| Scout Tower | 22 | |
| Arcane Vault | 1 | |
| Guard Tower | 33 | |
| Keep | 1 | |
| Town Hall | 2 | |
| Arcane Sanctum | 2 | |
| Castle | 3 | |
| Workshop | 5 | |
| Arcane Tower | 3 | |
88 total
» build order
00:11 Farm
00:16 Altar of Kings
00:26 Farm
00:53 Lumber Mill
01:35 Blacksmith
01:54 Barracks
02:10 Farm
02:23 Scout Tower
02:45 Arcane Vault
02:53 Guard Tower
02:54 Guard Tower
02:59 Farm
04:19 Farm
04:38 Scout Tower
04:59 Farm
05:08 Guard Tower
05:08 Guard Tower
05:33 Scout Tower
06:38 Keep
08:02 Guard Tower
08:02 Guard Tower
08:31 Scout Tower
09:39 Town Hall
09:51 Scout Tower
09:56 Scout Tower
09:58 Scout Tower
09:59 Scout Tower
10:02 Scout Tower
10:05 Scout Tower
10:06 Scout Tower
10:09 Scout Tower
10:12 Farm
10:14 Farm
10:21 Guard Tower
10:26 Arcane Sanctum
10:35 Guard Tower
10:35 Guard Tower
10:35 Guard Tower
10:47 Guard Tower
10:48 Guard Tower
10:48 Guard Tower
12:09 Guard Tower
12:28 Castle
12:28 Castle
12:34 Workshop
13:26 Arcane Sanctum
13:33 Workshop
13:39 Farm
15:54 Farm
15:58 Farm
20:40 Workshop
21:44 Workshop
21:50 Workshop
27:45 Scout Tower
27:49 Scout Tower
27:50 Scout Tower
28:57 Town Hall
29:38 Scout Tower
29:39 Scout Tower
29:41 Scout Tower
29:42 Scout Tower
30:15 Guard Tower
30:15 Guard Tower
31:10 Guard Tower
31:10 Guard Tower
32:14 Scout Tower
32:17 Guard Tower
32:18 Guard Tower
32:22 Scout Tower
32:23 Scout Tower
34:37 Guard Tower
35:25 Guard Tower
35:25 Guard Tower
39:28 Arcane Tower
39:43 Lumber Mill
» items
| Lesser Clarity Potion | 1 | |
| Scroll of Town Portal | 7 | |
| Scroll of Regeneration | 2 | |
| Potion of Lesser Invulnerability | 2 | |
| Periapt of Vitality | 1 | |
13 total

»
NoobOnYourTeam (
pink | 60 APM | 2851 actions | 47:23)
5 Paladin
3 Holy Light
2 Divine Shield
4 Mountain King
2 Storm Bolt
2 Bash
» actions
| Assign group hotkey | 46 | |
| Basic commands | 5 | |
| Build / train | 93 | |
| Enter build submenu | 55 | |
| Enter hero's abilities submenu | 9 | |
| Give item / drop item | 1 | |
| Right click | 2095 | |
| Select / deselect | 361 | |
| Select group hotkey | 54 | |
| Use ability | 132 | |
2851 total
» units
» upgrades
| Masonry | 3 | |
| Swords | 3 | |
| Lumber Harvesting | 2 | |
| Plating | 3 | |
| Animal War Training | 1 | |
12 total
» buildings
| Altar of Kings | 4 | |
| Farm | 10 | |
| Barracks | 2 | |
| Scout Tower | 22 | |
| Lumber Mill | 2 | |
| Arcane Tower | 2 | |
| Arcane Vault | 1 | |
| Keep | 2 | |
| Blacksmith | 1 | |
| Castle | 1 | |
| Guard Tower | 19 | |
| Town Hall | 4 | |
70 total
» build order
00:07 Altar of Kings
00:16 Farm
00:24 Barracks
01:28 Farm
02:10 Scout Tower
02:20 Lumber Mill
02:47 Arcane Tower
02:52 Farm
03:36 Arcane Vault
03:46 Keep
04:40 Farm
04:52 Blacksmith
05:26 Farm
05:29 Farm
08:04 Farm
08:05 Castle
08:41 Barracks
08:45 Farm
09:28 Scout Tower
09:59 Guard Tower
10:03 Scout Tower
10:32 Guard Tower
10:36 Scout Tower
12:25 Guard Tower
12:28 Scout Tower
13:33 Guard Tower
13:39 Scout Tower
14:47 Guard Tower
14:51 Scout Tower
15:52 Guard Tower
15:56 Scout Tower
16:30 Guard Tower
16:37 Scout Tower
17:26 Guard Tower
17:32 Scout Tower
18:10 Guard Tower
18:14 Scout Tower
18:52 Guard Tower
18:55 Scout Tower
20:11 Guard Tower
20:20 Scout Tower
20:54 Guard Tower
21:36 Town Hall
21:41 Town Hall
25:50 Scout Tower
26:19 Guard Tower
26:23 Scout Tower
27:42 Guard Tower
27:45 Scout Tower
28:21 Guard Tower
28:23 Scout Tower
28:58 Guard Tower
29:01 Scout Tower
29:58 Guard Tower
30:00 Scout Tower
31:49 Guard Tower
31:57 Altar of Kings
32:12 Scout Tower
32:39 Scout Tower
32:40 Guard Tower
33:20 Keep
33:38 Farm
35:41 Town Hall
38:56 Altar of Kings
39:27 Scout Tower
40:30 Arcane Tower
40:39 Town Hall
44:03 Altar of Kings
44:38 Farm
45:19 Lumber Mill
» items
| Lesser Clarity Potion | 2 | |
| Potion of Healing | 4 | |
| Scroll of Town Portal | 3 | |
| Orb of Fire | 2 | |
| Scroll of Regeneration | 1 | |
12 total

»
DaHoodzSoulja (
orange | 29 APM | 1167 actions | 40:32)
5 Dreadlord
3 Vampiric Aura
2 Carrion Swarm
» actions
| Assign group hotkey | 24 | |
| Basic commands | 44 | |
| Build / train | 57 | |
| ESC pressed | 2 | |
| Enter build submenu | 17 | |
| Enter hero's abilities submenu | 5 | |
| Right click | 544 | |
| Select / deselect | 374 | |
| Select group hotkey | 55 | |
| Use ability | 45 | |
1167 total
» units
| Acolyte | 7 | |
| Ghoul | 20 | |
| Crypt Fiend | 1 | |
| Abomination | 8 | |
36 total
» upgrades
| Cannibalize | 1 | |
| Unholy Strength | 3 | |
| Unholy Armor | 3 | |
| Disease Cloud | 1 | |
8 total
» buildings
| Ziggurat | 10 | |
| Crypt | 2 | |
| Altar of Darkness | 1 | |
| Graveyard | 1 | |
| Tomb of Relics | 1 | |
| Halls of the Dead | 1 | |
| Slaughterhouse | 3 | |
| Black Citadel | 1 | |
| Nerubian Tower | 2 | |
22 total
» build order
00:05 Ziggurat
00:09 Crypt
00:37 Altar of Darkness
01:34 Ziggurat
02:08 Crypt
03:29 Ziggurat
03:47 Graveyard
05:07 Ziggurat
05:33 Tomb of Relics
07:06 Halls of the Dead
09:32 Slaughterhouse
09:36 Slaughterhouse
09:44 Slaughterhouse
10:50 Black Citadel
16:20 Ziggurat
16:21 Ziggurat
16:25 Ziggurat
23:57 Ziggurat
23:59 Ziggurat
26:20 Nerubian Tower
26:24 Ziggurat
29:00 Nerubian Tower
» items
| Potion of Healing | 1 | |
| Orb of Corruption | 1 | |
| Scroll of Town Portal | 1 | |
3 total

»
Honorable_Yeti (
yellow | 42 APM | 1468 actions | 35:08)
5 Death Knight
2 Death Coil
2 Unholy Aura
1 Death Pact
» actions
| Assign group hotkey | 42 | |
| Basic commands | 38 | |
| Build / train | 65 | |
| Enter build submenu | 22 | |
| Enter hero's abilities submenu | 5 | |
| Remove unit from queue | 1 | |
| Right click | 656 | |
| Select / deselect | 368 | |
| Select group hotkey | 193 | |
| Use ability | 77 | |
1468 total
» units
| Acolyte | 8 | |
| Ghoul | 5 | |
| Crypt Fiend | 8 | |
| Obsidian Statue | 7 | |
| Frost Wyrm | 5 | |
| Gargoyle | 5 | |
38 total
» upgrades
| Creature Carapace | 3 | |
| Creature Attack | 3 | |
| Web | 1 | |
| Destroyer Form | 1 | |
| Freezing Breath | 1 | |
| Burrow | 1 | |
| Stone Form | 1 | |
11 total
» buildings
| Crypt | 1 | |
| Ziggurat | 7 | |
| Altar of Darkness | 1 | |
| Nerubian Tower | 1 | |
| Graveyard | 1 | |
| Halls of the Dead | 1 | |
| Sacrificial Pit | 1 | |
| Black Citadel | 1 | |
| Slaughterhouse | 1 | |
| Tomb of Relics | 1 | |
| Boneyard | 1 | |
| Necropolis | 1 | |
18 total
» build order
00:06 Crypt
00:08 Ziggurat
00:35 Altar of Darkness
00:58 Ziggurat
01:48 Nerubian Tower
02:13 Graveyard
03:02 Halls of the Dead
03:18 Ziggurat
05:33 Sacrificial Pit
07:12 Black Citadel
07:41 Slaughterhouse
08:27 Tomb of Relics
09:06 Ziggurat
09:37 Boneyard
12:51 Ziggurat
12:58 Ziggurat
21:14 Ziggurat
26:04 Necropolis
» items
| Scroll of Regeneration | 1 | |
| Orb of Fire | 1 | |
| Potion of Healing | 1 | |
3 total
Chat log
(00:08 / Allies) Beetlejuice.: sup
(00:09 / Allies) Beetlejuice.: plan
(00:15 / Allies) FL_Pimp: cc
(00:24 / Allies) FL_Pimp: i like ur name btw
(00:35 / Allies) Beetlejuice.: mine?
(01:29 / Allies) TERRIBLE-TODDLE: im heals
(01:39 / Allies) Beetlejuice.: taurens
(01:43 / Allies) Beetlejuice.: shams
(01:53 / Allies) FL_Pimp: yo purp are u good with bats?
(01:54 / Allies) FL_Pimp: or verns
(01:58 / Allies) FL_Pimp: im going unmounted and chiems
(03:09 / All) TERRIBLE-TODDLE: twilight ruins is the best 4v4 map, yay or nay
(05:55 / Allies) WelcomeToJamRoc: tp
(06:22 / Allies) FL_Pimp: ill t; in just as ec
(06:24 / Allies) WelcomeToJamRoc: tp
(09:02 / Allies) FL_Pimp: cc there stuff
(09:16 / Allies) FL_Pimp: chimes sson
(09:41 / Allies) WelcomeToJamRoc: archer
(09:42 / Allies) WelcomeToJamRoc: nv
(10:58 / Allies) WelcomeToJamRoc: ghouls
(11:25 / Allies) WelcomeToJamRoc: b
(12:14 / Allies) FL_Pimp: blue ur the shit bro
(12:15 / Allies) FL_Pimp: tu
(12:16 / Allies) FL_Pimp: tty
(12:16 / Allies) Beetlejuice.: expo
(12:18 / Allies) TERRIBLE-TODDLE: lawl
(12:23 / Allies) TERRIBLE-TODDLE: u need a tp sir but ty ty
(12:30 / Allies) FL_Pimp: no doubt
(12:33 / Allies) TERRIBLE-TODDLE: somebdoy control my priests ?
(12:47 / Allies) FL_Pimp: need wood for chiems
(14:06 / All) TERRIBLE-TODDLE: maphack
(15:09 / Allies) TERRIBLE-TODDLE: got his dk lolz
(15:36 / All) FL_Pimp: meet in mid
(15:38 / Allies) TERRIBLE-TODDLE: control my prists whoever
(16:13 / Allies) FL_Pimp: let it go
(16:23 / Allies) FL_Pimp: hit from behind
(16:31 / Allies) WelcomeToJamRoc: back
(17:12 / All) FL_Pimp: gg
(17:48 / Allies) WelcomeToJamRoc: b
(17:49 / Allies) WelcomeToJamRoc: towers
(17:59 / Allies) FL_Pimp: 2 sec on correstive
(19:34 / Allies) WelcomeToJamRoc: im b
(19:57 / Allies) FL_Pimp: fuck it
(19:58 / Allies) FL_Pimp: ill go aa
(20:02 / Allies) FL_Pimp: i told yall we needed aa
(20:13 / Allies) FL_Pimp: ill mass unmounted
(20:39 / All) TERRIBLE-TODDLE: dem mortars rape my priests mhmhm
(21:33 / Allies) TERRIBLE-TODDLE: control my casters if u want
(21:46 / Allies) Beetlejuice.: meet in middle so we can heal;
(21:51 / Allies) FL_Pimp: meet in mid
(22:08 / Allies) FL_Pimp: gold me if u can
(22:22 / Allies) FL_Pimp: blue
(22:27 / Allies) FL_Pimp: u gotta control man
(22:38 / Allies) Beetlejuice.: blue play ur fucking shuit
(23:00 / Allies) FL_Pimp: come purp
(23:05 / Allies) TERRIBLE-TODDLE: i gave u guys control
(23:09 / Allies) FL_Pimp: gotta kill access
(23:11 / Allies) FL_Pimp: dude there urs
(23:13 / Allies) FL_Pimp: u contorl
(23:27 / Allies) WelcomeToJamRoc: get ready
(23:32 / Allies) TERRIBLE-TODDLE: take out his hall
(23:33 / Allies) TERRIBLE-TODDLE: wow
(23:46 / Allies) Beetlejuice.: green wtf
(23:51 / Allies) Beetlejuice.: main
(23:56 / Allies) WelcomeToJamRoc: got dryaaDS
(23:56 / Allies) TERRIBLE-TODDLE: tp now
(23:58 / Allies) FL_Pimp: tp plz
(24:51 / Allies) TERRIBLE-TODDLE: move ur god damn chi m green i couldnt heal ur hero
(24:52 / Allies) FL_Pimp: FUCK
(24:56 / Allies) FL_Pimp: GET FUCKIN AIR
(25:00 / Allies) FL_Pimp: THE FUCKIN UD IS GONNA KILL US
(25:19 / Allies) Beetlejuice.: heal thenb counter
(25:28 / Allies) FL_Pimp: GOTTA KILL NOW
(26:02 / Allies) FL_Pimp: save plz guys
(26:34 / Allies) FL_Pimp: i swear to god guys
(26:36 / Allies) FL_Pimp: were gonna lose
(26:42 / Allies) FL_Pimp: no one has aa
(27:01 / Allies) WelcomeToJamRoc: I DO
(27:07 / Allies) Beetlejuice.: follow green i have no idea what hes doing
(27:21 / Allies) TERRIBLE-TODDLE: lol purple
(27:22 / Allies) Beetlejuice.: no
(27:26 / Allies) Beetlejuice.: kill base
(27:31 / Allies) FL_Pimp: fuck it
(27:53 / Allies) TERRIBLE-TODDLE: cast poly with my sorc
(27:54 / Allies) FL_Pimp: purp lead
(28:03 / Allies) Beetlejuice.: u doi it blue play ur own stuff
(28:27 / Allies) WelcomeToJamRoc: NEXT
(28:28 / Allies) TERRIBLE-TODDLE: next base ow
(29:17 / Allies) Beetlejuice.: we win
(29:39 / All) FL_Pimp: clan rip ftw
(29:50 / All) Beetlejuice.: clan eden ftw
(30:50 / Allies) WelcomeToJamRoc: OMG
(31:03 / Allies) WelcomeToJamRoc: TPING
(31:56 / Allies) TERRIBLE-TODDLE: tp?
(31:59 / Allies) FL_Pimp: i dont have tp
(32:02 / Allies) WelcomeToJamRoc: YEA
(32:03 / Allies) FL_Pimp: teal u fucked ur self
(32:04 / Allies) WelcomeToJamRoc: I NEED IT
(32:05 / Allies) FL_Pimp: ur a fuckin tard
(32:06 / Allies) WelcomeToJamRoc: NO
(32:07 / Allies) TERRIBLE-TODDLE: gave u one
(32:07 / Allies) FL_Pimp: no
(32:09 / Allies) FL_Pimp: dont tp
(32:09 / Allies) WelcomeToJamRoc: I GOT HIS SHIT
(32:11 / Allies) TERRIBLE-TODDLE: i gave u tp
(32:12 / Allies) TERRIBLE-TODDLE: green
(32:19 / Allies) FL_Pimp: ok
(32:20 / Allies) FL_Pimp: tp
(32:51 / Allies) WelcomeToJamRoc: movE
(33:12 / All) DaHoodzSoulja: GGG
(33:38 / Allies) TERRIBLE-TODDLE: gold
(33:56 / Allies) WelcomeToJamRoc: lol
(33:56 / Allies) WelcomeToJamRoc: etef
(34:03 / All) TERRIBLE-TODDLE: this is honestly th eultimate noob game
(34:50 / All) Honorable_Yeti: flying sheeeeep!
(35:32 / All) TERRIBLE-TODDLE: my heals were pro
(36:35 / All) TERRIBLE-TODDLE: clan s4s #1, 10 top rt players in top 20
(38:34 / All) TERRIBLE-TODDLE: we actually could lose this with mass tp
(39:15 / Allies) Beetlejuice.: omw
(40:17 / Allies) FL_Pimp: 200 gold plz
(40:19 / Allies) WelcomeToJamRoc: give gold?
(40:20 / All) TERRIBLE-TODDLE: join clan s4s everybody !!!
(40:34 / Allies) WelcomeToJamRoc: u have 4gs lol
(40:36 / Allies) WelcomeToJamRoc: 4k
(40:49 / Allies) Beetlejuice.: i almost got 5k
(41:05 / All) WelcomeToJamRoc: gg
(41:22 / All) TERRIBLE-TODDLE: paladin vs dh duel green
(41:34 / Allies) FL_Pimp: lol
(41:36 / Allies) FL_Pimp: na
(42:35 / All) TERRIBLE-TODDLE: pink did well
(43:15 / All) TERRIBLE-TODDLE: lawl teal
(43:32 / Allies) WelcomeToJamRoc: blocked me lol
(43:33 / Allies) WelcomeToJamRoc: traffic
(44:00 / All) Beetlejuice.: leave noob
(44:49 / Allies) WelcomeToJamRoc: lol
(44:52 / Allies) WelcomeToJamRoc: healing faster
(45:11 / Allies) Beetlejuice.: lol ur gay blue
(45:21 / All) TERRIBLE-TODDLE: i am gay absolutely
(47:20 / All) TERRIBLE-TODDLE: JOIN CLAN S4S!!!!!!!!!!!!!!!!!!